 Dungeon Sprint DCSS version 0.27-a0-597-g524d869a0f (webtiles) character file.

Game seed: 532874175984347026

205 rocky1 the Chiller (level 5, -3/35 HPs)
             Began as a Merfolk Ice Elementalist on Mar 12, 2021.
             Was an Elder of Sif Muna.
             Slain by a redback (12 damage)
             ... in the Dungeon (Sprint VII: "The Pits").
             The game lasted 00:04:23 (936 turns).

rocky1 the Chiller (Merfolk Ice Elementalist)        Turns: 936, Time: 00:04:24

Health: -3/35      AC:  2    Str:  9    XL:     5   Next: 83%
Magic:  9/12       EV: 15    Int: 15    God:    Sif Muna [****..]
Gold:   0          SH:  0    Dex: 14    Spells: 3/14 levels left

rFire    . . .     SeeInvis .   l - +1 trident (vorpal)
rCold    . . .     Faith    .   (no shield)
rNeg     . . .     Spirit   .   a - +0 robe
rPois    .         Reflect  .   (no helmet)
rElec    .         Harm     .   (no cloak)
rCorr    .         Rampage  .   (no gloves)
Will     .....     NoTele   +   (no boots)
Stlth    ++........             (no amulet)
HPRegen  0.11/turn              (no ring)
MPRegen  0.13/turn              (no ring)

@: lethally poisoned (-3 -> -44), frozen ramparts
A: change form in water, amphibious, nimble swimmer 2
a: Renounce Religion, Channel Magic, Forget Spell, Divine Exegesis


You were in the Dungeon.
You worshipped Sif Muna.
Sif Muna was greatly pleased with you.
You visited 1 branch

Inventory:

Hand Weapons
 l - a +1 vorpal trident (weapon)
Armour
 a - a +0 robe (worn)
Scrolls
 h - a scroll of blinking
 i - 5 scrolls of amnesia
 j - a scroll of summoning
Potions
 b - 2 potions of invisibility
 c - 5 potions of curing
 d - 5 potions of heal wounds
 e - a potion of haste
 f - 4 potions of magic
 g - 3 potions of berserk rage


   Skills:
 + Level 7.1 Polearms
 + Level 7.1 Dodging
 - Level 2.1 Stealth
 + Level 5.0 Spellcasting
 + Level 7.3 Ice Magic
 + Level 5.3 Invocations


You had 3 spell levels left.
You knew the following spells:

 Your Spells              Type           Power      Damage    Failure   Level
a - Freeze                Ice            100%       1d11      1%          1
b - Frozen Ramparts       Ice            50%        1d7       2%          3
c - Ozocubu's Armour      Ice            25%        N/A       2%          3
d - Hailstorm             Conj/Ice       14%        3d5       34%         4

Your spell library contained the following spells:

 Spells                   Type           Power      Damage    Failure   Level
 Summon Ice Beast         Ice/Summ       14%        N/A       34%         4


Dungeon Overview and Level Annotations

Branches:
Dungeon (1/1)

Altars:
Ashenzari
Cheibriados
Dithmenos
Elyvilon
Fedhas
Gozag
Hepliaklqana
Kikubaaqudgha
Makhleb
Nemelex Xobeh
Okawaru
Qazlal
Ru
Sif Muna
Trog
Uskayaw
Vehumet
Wu Jian
Xom
Yredelemnul
Zin
The Shining One
Beogh
Jiyva
Lugonu


Innate Abilities, Weirdness & Mutations

You revert to your normal form in water.
You are amphibious.
You are quick and stealthy while swimming. (Stealth+, EV+, Speed+++)


Message History

Your Spellcasting skill increases to level 5!
Your Invocations skill increases to level 5!
Unknown command.
Your icy armour cracks and falls away as you move.
The frozen ramparts melt away as you move.
There is an open door here.
You start resting.
HP restored.
You start resting.
Magic restored.
This spell is extremely dangerous to cast!
Memorise Hailstorm, consuming 4 spell levels and leaving 3?
You start memorising the spell.
You continue memorising. x4
You finish memorising.
Spell assigned to 'd'.
Unknown command.
Casting: Ozocubu's Armour (dangerous; 2% risk of failure)
Confirm with . or Enter, or press ? or * to list all spells.
You can't see any susceptible monsters within range! (Use Z to cast anyway.)
Casting: Ozocubu's Armour (dangerous; 2% risk of failure)
Confirm with . or Enter, or press ? or * to list all spells.
Casting: Frozen Ramparts (dangerous; 2% risk of failure)
Press: ? - help, Dir - look around, f - activate The walls around you are covered in ice.
You open the door.
A redback comes into view.
The wall freezes the redback. x2; The redback bites you!
You are lethally poisoned!
The redback poisons you!
Unknown command.
You hit the redback but do no damage.
The redback is moderately wounded.
You feel very sick.
The wall freezes the redback.
The redback bites you.
Unknown command.
You hit the redback but do no damage.
The redback is moderately wounded.
* * * LOW HITPOINT WARNING * * *
You feel very sick.
The wall freezes the redback.
The redback bites you!
You die...

#)#........##.......#
#)###########.......#
#.รท.....# #########
#...#...# #...#...#
#.##.##.#+#
#...#...#.+
#...#...#s#
#.......'@#
###########


You could see a redback.

Vanquished Creatures
  A phantom (D)
  A crimson imp (D)
  An iron imp (D)
  Terence (D)
  A mummy (D)
  2 gnolls (D)
  An ufetubus (D)
  A leopard gecko (D)
  A bat skeleton (D)
  A giant cockroach (D)
  A goblin (D)
  A frilled lizard (D)
  3 rats (D)
16 creatures vanquished.

Notes
Turn   | Place    | Note
-------+----------+-------------------------------------------
     0 | D        | rocky1 the Merfolk Ice Elementalist began the quest for the
                  | Orb.
     0 | D        | Reached XP level 1. HP: 13/13 MP: 3/3
    18 | D        | Found a bloodstained altar of Trog.
    18 | D        | Found a shimmering blue altar of Sif Muna.
    18 | D        | Found a viscous altar of Jiyva.
    18 | D        | Found a hazy altar of Hepliaklqana.
    18 | D        | Found an opulent altar of Gozag.
    19 | D        | Found a glowing golden altar of the Shining One.
    19 | D        | Found a glowing silver altar of Zin.
    19 | D        | Found a basalt altar of Yredelemnul.
    19 | D        | Found a shimmering altar of Xom.
    19 | D        | Found an ornate altar of the Wu Jian Council.
    19 | D        | Found a sacrificial altar of Ru.
    19 | D        | Found a stormy altar of Qazlal.
    19 | D        | Found an iron altar of Okawaru.
    19 | D        | Found a sparkling altar of Nemelex Xobeh.
    19 | D        | Found a burning altar of Makhleb.
    19 | D        | Found a blossoming altar of Fedhas.
    19 | D        | Found a white marble altar of Elyvilon.
    19 | D        | Found a shadowy altar of Dithmenos.
    19 | D        | Found a snail-covered altar of Cheibriados.
    22 | D        | Found a corrupted altar of Lugonu.
    22 | D        | Found a radiant altar of Vehumet.
    23 | D        | Found an ancient bone altar of Kikubaaqudgha.
    23 | D        | Found a hide-covered altar of Uskayaw.
    23 | D        | Found a broken altar of Ashenzari.
    24 | D        | Became a worshipper of Sif Muna the Loreminder
    77 | D        | Reached * piety under Sif Muna
    78 | D        | Reached skill level 1 in Polearms
    78 | D        | Reached skill level 5 in Ice Magic
    78 | D        | Reached skill level 1 in Invocations
    78 | D        | Reached XP level 2. HP: 11/19 MP: 1/5
   198 | D        | Noticed Terence
   210 | D        | Reached ** piety under Sif Muna
   216 | D        | Killed Terence
   217 | D        | Reached XP level 3. HP: 13/24 MP: 0/7
   560 | D        | Learned a level 3 spell: Frozen Ramparts
   564 | D        | Learned a level 3 spell: Ozocubu's Armour
   593 | D        | Noticed a phantom
   603 | D        | Reached *** piety under Sif Muna
   611 | D        | Killed a phantom
   612 | D        | Reached skill level 5 in Polearms
   612 | D        | Reached XP level 4. HP: 24/30 MP: 2/10
   612 | D        | Reached XP level 5. HP: 28/35 MP: 2/11
   620 | D        | Reached **** piety under Sif Muna
   889 | D        | Reached skill level 5 in Spellcasting
   889 | D        | Reached skill level 5 in Invocations
   933 | D        | Learned a level 4 spell: Hailstorm
   934 | D        | Noticed a redback
   936 | D        | Slain by a redback

Illustrated notes

Levels and vault maps discovered:
D:        pitsprint [storerooms_1, entrance_room_1, metal_vault_6, armoury_3,
          mini_pit_1, grid_room_1, main_hall_1, silver_pit, the_coven_3,
          the_vestibule_1, steel_vault_3, golden_pit, hallway_of_sentries,
          crystal_vault_1, iron_vault_3, final_vault]

Skill      XL: |  1  2  3  4  5 |
---------------+----------------+-----
Polearms       | 1 3 5 7 |  7.1
Dodging        | 3 4 6 7 |  7.1
Ice Magic      | 5 6 7 |  7.3
Invocations    | 1 2 4 5 |  5.3
Spellcasting   | 3 4 5 |  5.0
Stealth        | |  2.1

Action                   |  1- 3 |  4- 6 || total
-------------------------+-------+-------++-------
Melee: Trident           |    37 |    14 ||    51
 Cast: Freeze            |     7 |       ||     7
       Frozen Ramparts   |     1 |     2 ||     3
       Ozocubu's Armour  |     1 |     1 ||     2
  Use: Potion            |     2 |       ||     2
 Stab: Sleeping          |     3 |       ||     3
Armor: Robe              |    12 |       ||    12
Dodge: Dodged            |    38 |     3 ||    41

Table legend: (Time is in decaauts)
 A = Elapsed time spent in this place.
 B = Non-inter-level travel time spent in this place.
 C = Inter-level travel time spent in this place.
 D = Time resting spent in this place.
 E = Time spent auto-exploring this place.
 F = Levels seen in this place.
 G = Mean time per level.
                   A        B        C        D        E       F      G
               +--------+--------+--------+--------+--------+-----+--------+
         Total |    941 |    928 |     13 |    681 |      0 |   1 |  941.0 |
       Dungeon |    941 |    928 |     13 |    681 |      0 |   1 |  941.0 |
               +--------+--------+--------+--------+--------+-----+--------+

Top non-repeatable levels by time:
       D: 941 daAuts
